 Dungeon Crawl Stone Soup version 0.19.1 (webtiles) character file.

2687 Gargoyl the Chopper (level 9, -3/75 HPs)
             Began as a Ghoul Abyssal Knight on Dec 9, 2016.
             Was a Priest of Lugonu.
             Succumbed to barbed spike wounds
             ... on level 8 of the Dungeon.
             The game lasted 00:17:52 (7299 turns).

Gargoyl the Chopper (Ghoul Abyssal Knight)          Turns: 7299, Time: 00:17:53

Health: -3/75      AC: 24    Str: 16    XL:     9   Next: 64%
Magic:  4/12       EV:  3    Int:  7    God:    Lugonu [***...]
Gold:   469        SH: 12    Dex: 11    Spells: 0 memorised, 8 levels left

rFire  . . .     SeeInvis +     w - +1 war axe
rCold  + . .     Gourm    .     t - +7 chain mail of Mutualism {rPois MR- SInv Stlth-}
rNeg   + + +     Faith    .     v - +0 large shield
rPois  ∞         Spirit   .     (no helmet)
rElec  .         Reflect  .     b - +1 cloak {rPois}
rCorr  .         Harm     .     n - +0 pair of gloves
MR     .....                    (no boots)
Stlth  ..........               (no amulet)
                                (no ring)
                                d - +4 ring of protection

@: barbed spikes, rotting
A: rotting body, claws 1, carnivore 3, cold resistance 1, negative energy
resistance 3, slow regeneration 1, torment resistance, unbreathing
a: Depart the Abyss, Bend Space, Banish, Renounce Religion


You were on level 8 of the Dungeon.
You worshipped Lugonu.
Lugonu was most pleased with you.
You were not hungry.

You visited 1 branch of the dungeon, and saw 8 of its levels.
You visited the Abyss 1 time.

You collected 469 gold pieces.

Inventory:

Hand Weapons
 a - a +1 hand axe
 e - a +1 spear of piercing
 w - a +1 war axe (weapon)
Missiles
 x - 10 tomahawks (quivered)
Armour
 b - a +1 cloak of poison resistance (worn)
 n - a +0 pair of gloves (worn)
 t - the +7 chain mail of Mutualism (worn) {rPois MR- SInv Stlth-}
   (You found it on level 5 of the Dungeon)

   It protects you from poison.
   It affects your resistance to hostile enchantments.
   It lets you see invisible.
   It makes you less stealthy.
 v - a +0 large shield (worn)
Jewellery
 d - a +4 ring of protection (left hand)
Scrolls
 h - a scroll of fog
 o - a scroll of magic mapping
 p - 3 scrolls of remove curse
 B - 2 scrolls of identify
Potions
 g - 5 potions of flight
 j - a potion of invisibility {unknown}
 k - 2 potions of degeneration
 m - 6 potions of curing
 r - a potion of ambrosia
 u - a potion of agility {unknown}
Books
 s - a book of Changes

   Spells                             Type                      Level
   a - Beastly Appendage              Transmutation                1
   b - Sticks to Snakes               Transmutation                2
   c - Spider Form                    Transmutation/Poison         3
   d - Ice Form                       Ice/Transmutation            4
   e - Blade Hands                    Transmutation                5
Comestibles
 c - 5 meat rations
 q - a slice of pizza
 z - 7 beef jerkies
 C - 14 chunks of flesh


   Skills:
 + Level 5.6 Fighting
 + Level 7.3 Axes
 * Level 6.1 Armour
 + Level 2.5 Dodging
 + Level 3.0 Shields
 * Level 5.6 Invocations


You had 8 spell levels left.
You didn't know any spells.

Dungeon Overview and Level Annotations

Branches:
Dungeon (8/15)             Temple (0/1) D:4
   Lair: D:8-11

Altars:
The Shining One

Annotations:
D:6 cheeroque's ghost, novice HOCK


Innate Abilities, Weirdness & Mutations

Your body is rotting away.
You thrive on raw meat.
You are immune to poison.
You have sharp fingernails.
You are carnivorous and can eat meat at any time.
Your flesh is cold resistant. (rC+)
You are immune to negative energy. (rN+++)
You regenerate slowly when monsters are visible.
You are immune to unholy pain and torment.
You can survive without breathing.


Message History

The barbed spikes dig painfully into your body as you move.
The barbed spikes dig painfully into your body as you move.
* * * LOW HITPOINT WARNING * * *
Press: ? - help, Shift-Dir - straight line, f - death yak
Aim: a death yak (chance to defeat MR: 20%)
The death yak resists with almost no effort.
You feel somewhat more hungry. The death yak gores you!
* * * LOW HITPOINT WARNING * * *
Unknown command.
Press: ? - help, Shift-Dir - straight line, f/p - death yak
Aim: a death yak (chance to defeat MR: 20%)
The death yak is devoured by a tear in reality.
Lugonu claims a new guest.
Your Armour skill increases to level 6!
Your Shields skill increases to level 3!
You feel somewhat more hungry.
The barbed spikes dig painfully into your body as you move.
* * * LOW HITPOINT WARNING * * *
The barbed spikes dig painfully into your body as you move.
You die...

,,,,*******,,,,,,,,,,*
*,,,,,,,,
,,,,,,,,,,,,,...,,,,**
*,,,,,,,,
,,,,,,,,****,,..,,,**
*,,,,,,,, ,,,,,,,**
***..**** *,,,,,,,,
,,,,,,,* *#.* **,,,,,,,
,,,,,,,* #.## ***,,,,,
,,,,,,,* *..# ***,,,
,,,,,,,* #####.# ***,,,
,,,,,,,* #....@##
**#,,,** ,,,,,,**
##.[...# *##..,***
,,,****
##...h######...#** ****
##..HH##....#** ****
##.#H....#** ,,,*****
##...HY.## ,,,,,,,*****
#######Yh.#
***,,,,,,,,***#.....#h..#
****,,,,,,,,#....H#...#**


You could see a manticore, a polar bear and a hippogriff.

Vanquished Creatures
  Sigmund (D:6)
  A phantom (D:7)
  An orc warrior (D:7)
  2 sky beasts
  2 slaves (D:6)
  An ice beast (D:7)
  3 ogres (D:7)
  A centaur (D:5)
  2 bullfrogs (D:7)
  The ghost of loom the Sneak, an amateur VSEn (D:3)
  2 scorpions
  A wight (D:7)
  2 crimson imps
  3 orc priests
  2 hounds
  3 jellies
  Crazy Yiuf (D:2)
  4 orc wizards
  Terence (D:2)
  5 iguanas
  Natasha (thrice) (D:3)
  4 worker ants
  2 worker ant zombies (D:7)
  2 adders
  5 gnolls
  A shadow imp (D:7)
  2 oozes
  2 adder skeletons (D:4)
  4 worms
  4 leopard geckos
  26 orcs
  8 bats
  5 giant cockroaches
  3 goblins
  7 hobgoblins
  3 quokkas
  5 frilled lizards
  A giant cockroach zombie (D:6)
  A jackal skeleton (D:4)
  8 kobolds
  A leopard gecko skeleton (D:8)
  A leopard gecko zombie (D:6)
  4 rats
141 creatures vanquished.

Vanquished Creatures (others)
  A death yak (D:8)
  An orc warrior (D:6)
  A crimson imp (D:6)
3 creatures vanquished.

Grand Total: 144 creatures vanquished

Notes
Turn   | Place    | Note
-------+----------+-------------------------------------------
     0 | Abyss:1  | Gargoyl the Ghoul Abyssal Knight began the quest for the Orb.
     0 | Abyss:1  | Reached XP level 1. HP: 19/19 MP: 1/1
   110 | Abyss:3  | Noticed a hellwing
   122 | Abyss:3  | Noticed a raiju
   122 | D:1      | Escaped the Abyss
   620 | D:1      | Reached XP level 2. HP: 26/26 MP: 2/2
   716 | D:1      | Reached skill level 2 in Axes
   810 | D:1      | Reached * piety under Lugonu
   909 | D:1      | Reached XP level 3. HP: 33/33 MP: 3/3
  1274 | D:2      | Noticed Terence
  1303 | D:2      | Killed Terence
  1303 | D:2      | Reached skill level 1 in Dodging
  1455 | D:1      | Reached XP level 4. HP: 29/40 MP: 4/4
  1709 | D:2      | Found a runed door.
  1713 | D:2      | Noticed Crazy Yiuf
  1731 | D:2      | Killed Crazy Yiuf
  1731 | D:2      | Reached XP level 5. HP: 25/46 MP: 6/6
  2324 | D:3      | Noticed loom's ghost (amateur VSEn)
  2343 | D:3      | Killed loom's ghost
  2343 | D:3      | Reached skill level 3 in Axes
  2348 | D:3      | Noticed Natasha
  2371 | D:3      | Killed Natasha
  2371 | D:3      | Reached XP level 6. HP: 36/52 MP: 7/7
  2378 | D:3      | Noticed Natasha
  2384 | D:3      | Killed Natasha
  2563 | D:3      | Reached ** piety under Lugonu
  2745 | D:3      | Noticed Natasha
  2749 | D:3      | Killed Natasha
  3064 | D:4      | Found a staircase to the Ecumenical Temple.
  3341 | D:4      | Reached XP level 7. HP: 52/60 MP: 8/8
  3448 | D:4      | Reached skill level 4 in Axes
  3909 | D:5      | Entered Level 5 of the Dungeon
  4311 | D:5      | Got an opal-encrusted chain mail
  4322 | D:5      | Identified the +7 chain mail of Mutualism {rPois MR- SInv Stlth-} (You found it on level 5 of the Dungeon)
  4690 | D:5      | Reached skill level 5 in Fighting
  4690 | D:5      | Reached XP level 8. HP: 36/68 MP: 8/10
  4866 | D:6      | Reached *** piety under Lugonu
  4882 | D:6      | Reached skill level 5 in Axes
  4882 | D:6      | Reached skill level 5 in Armour
  4926 | D:6      | Found a glowing golden altar of the Shining One.
  5366 | D:6      | Noticed Sigmund
  5399 | D:6      | Killed Sigmund
  5444 | D:6      | Reached skill level 1 in Shields
  5662 | D:6      | Noticed cheeroque's ghost (novice HOCK)
  6033 | D:7      | Got an ancient scale mail
  6034 | D:7      | Identified the +2 scale mail "Wuvit" {rC- Str+4} (You found it on level 7 of the Dungeon)
  6215 | D:7      | Reached skill level 6 in Axes
  6398 | D:7      | Reached XP level 9. HP: 73/73 MP: 11/11
  6507 | D:7      | Reached skill level 5 in Invocations
  7152 | D:7      | Reached skill level 7 in Axes
  7280 | D:8      | Found a huge runed gate.
  7280 | D:8      | Found a huge runed gate.
  7280 | D:8      | Found a huge runed gate.
  7280 | D:8      | Found a huge runed gate.
  7280 | D:8      | Noticed a death yak
  7280 | D:8      | Noticed a polar bear
  7280 | D:8      | Noticed a polar bear
  7280 | D:8      | Noticed a polar bear
  7280 | D:8      | Noticed a polar bear
  7280 | D:8      | Noticed a polar bear
  7281 | D:8      | Noticed a polar bear
  7281 | D:8      | Noticed a manticore
  7297 | D:8      | Banished a death yak
  7299 | D:8      | Succumbed to barbed spike wounds

Skill      XL: |  1  2  3  4  5  6  7  8  9 |
---------------+----------------------------+-----
Armour         | 2 3 4 5 6 |  6.1
Axes           | 2 3 4 6 7 |  7.3
Dodging        | 1 2 |  2.5
Fighting       | 4 5 |  5.6
Invocations    | 3 4 5 |  5.6
Shields        | 1 3 |  3.0

Action                   |  1- 3 |  4- 6 |  7- 9 || total
-------------------------+-------+-------+-------++-------
Melee: Hand axe          |   108 |   271 |   240 ||   619
       War axe           |       |       |   356 ||   356
Throw: Tomahawk          |       |       |     1 ||     1
Invok: Depart the Abyss  |     1 |       |       ||     1
       Banish            |       |       |     4 ||     4
  Use: Scroll            |     3 |     5 |     7 ||    15
       Potion            |     2 |     3 |     3 ||     8
  Eat: Chunk             |     8 |    20 |    41 ||    69
Armor: Ring mail         |    59 |       |       ||    59
       Chain mail        |     5 |   190 |   484 ||   679
Dodge: Dodged            |    83 |    81 |   147 ||   311
Block: Large shield      |       |       |   215 ||   215
